 Dungeon Crawl Stone Soup version 0.23.2-1-ga50397a6bc (webtiles) character file.

Game seed: 10735261394463894035

239008 Gargoyl the Envoy of Void (level 19, -16/169 HPs)
             Began as a Centaur Abyssal Knight on May 14, 2019.
             Was a High Priest of Lugonu.
             Shot with a bolt by a yaktaur (28 damage)
             ... on level 2 of the Vaults.
             The game lasted 01:25:59 (60019 turns).

Gargoyl the Envoy of Void (Centaur Abyssal Knight) Turns: 60019, Time: 01:26:00

Health: -16/169    AC: 27    Str: 21    XL:     19   Next: 1%
Magic:  30/30      EV: 14    Int: 11    God:    Lugonu [*****.]
Gold:   3058       SH:  0    Dex: 15    Spells: 18/18 levels left

rFire    + . .     SeeInvis .   q - +9 quarterstaff (speed)
rCold    . . .     Gourm    .   (shield currently unavailable)
rNeg     . . .     Faith    .   b - +3 scale mail {rPois}
rPois    +         Spirit   .   i - +2 helmet
rElec    .         Reflect  .   s - +2 cloak
rCorr    .         Harm     .   n - +2 pair of gloves
MR       +....                  (no barding)
Stlth    ..........             I - amulet of regeneration
HPRegen  0.78/turn              w - +4 ring of dexterity
MPRegen  0.22/turn              v - +4 ring of protection

@: very quick
A: large, hooves 3, deformed body, fire resistance 1, speed 2, mutation
resistance 1, tough skin 3
}: 1/15 runes: serpentine
a: Depart the Abyss, Bend Space, Banish, Corrupt, Enter the Abyss, Renounce
Religion


You were on level 2 of the Vaults.
You worshipped Lugonu.
Lugonu was extremely pleased with you.
You were not hungry.

You visited 5 branches of the dungeon, and saw 29 of its levels.
You visited the Abyss 5 times.
You also visited: Ossuary and Bailey.

You collected 3338 gold pieces.
You spent 280 gold pieces at shops.

Inventory:

Hand Weapons
 a - a +0 glaive
 p - a cursed +3 hand axe of freezing
 q - a +9 quarterstaff of speed (weapon)
 K - the cursed +1 battleaxe of Bodily Harmony {flame, Int+3 Dex+3}
   (You found it on level 5 of the Lair of Beasts)

   It has been specially enchanted to burn those struck by it, causing extra
   injury to most foes and up to half again as much damage against particularly
   susceptible opponents.
   Big, fiery blades are also staple armaments of hydra-hunters.
   It affects your intelligence (+3).
   It affects your dexterity (+3).
   It has a curse placed upon it.
 O - a +6 hand axe of electrocution
Missiles
 U - 12 tomahawks (quivered)
Armour
 b - a +3 scale mail of poison resistance (worn)
 i - a +2 helmet (worn)
 n - a +2 pair of gloves (worn)
 s - a +2 cloak (worn)
 L - the +6 ring mail of the Hot Ocelot {rF+ Str+3}
   (You found it on level 13 of the Dungeon)

   It affects your strength (+3).
   It protects you from fire.
 P - a +2 buckler
Jewellery
 e - an uncursed ring of positive energy {unknown}
 v - a +4 ring of protection (right hand)
 w - a +4 ring of dexterity (left hand)
 C - a +2 amulet of reflection
 I - an amulet of regeneration (around neck)
 Q - an uncursed ring of resist corrosion
Wands
 d - a wand of iceblast (22)
 y - a wand of acid (5)
 D - a wand of polymorph (8)
 F - a wand of enslavement (4)
 J - a wand of random effects (12)
 M - a wand of paralysis (6)
 R - a wand of scattershot (8)
 V - a wand of disintegration (18)
Scrolls
 j - 7 scrolls of blinking
 o - 6 scrolls of identify
 r - 2 scrolls of teleportation
 t - 2 scrolls of fog
 x - 9 scrolls of magic mapping
 z - 2 scrolls of amnesia
 A - 4 scrolls of fear
 G - 4 scrolls of remove curse
 S - a scroll of enchant weapon
 T - 3 scrolls of summoning
Potions
 f - a potion of invisibility
 g - 4 potions of magic
 h - 8 potions of flight
 k - 5 potions of resistance
 l - a potion of haste
 m - 5 potions of brilliance
 u - 3 potions of cancellation
 B - a potion of agility
 E - 2 potions of might
 H - 4 potions of lignification
Miscellaneous
 N - 2 sacks of spiders
Comestibles
 c - 14 rations


   Skills:
 + Level 14.8 Fighting
 + Level 4.3 Axes
 + Level 15.2 Staves
 + Level 1.9 Throwing
 * Level 12.6 Armour
 * Level 10.6 Dodging
 + Level 3.1 Shields
 * Level 15.8 Invocations
 + Level 2.6 Evocations


You had 18 spell levels left.
You didn't know any spells.
Your spell library contained the following spells:

 Spells                   Type           Power        Failure   Level  Hunger
 Confusing Touch          Hex            #.....       58%         1    ##.....
 Corona                   Hex            #......      58%         1    ##.....
 Infusion                 Chrm           #...         58%         1    ##.....
 Magic Dart               Conj           #...         58%         1    ##.....
 Sandblast                Erth           #.....       58%         1    ##.....
 Summon Small Mammal      Summ           #...         58%         1    ##.....
 Blink                    Tloc           N/A          75%         2    ###....
 Call Imp                 Summ           #.......     75%         2    ###....
 Ensorcelled Hibernation  Hex/Ice        #.....       75%         2    ###....
 Passwall                 Tmut/Erth      #.......     75%         2    ###....
 Shroud of Golubria       Chrm/Tloc      #.........   75%         2    ###....
 Slow                     Hex            #.......     75%         2    ###....
 Song of Slaying          Chrm           #.......     75%         2    ###....
 Call Canine Familiar     Summ           #.......     92%         3    ####...
 Confuse                  Hex            #.......     92%         3    ####...
 Conjure Flame            Conj/Fire      #.......     92%         3    ####...
 Dazzling Spray           Conj/Hex       #.....       92%         3    ####...
 Gell's Gravitas          Tloc           #.........   92%         3    ####...
 Mephitic Cloud           Conj/Pois/Air  #.......     92%         3    ####...
 Regeneration             Chrm/Necr      #.........   92%         3    ####...
 Spectral Weapon          Hex/Chrm       #.......     92%         3    ####...
 Static Discharge         Conj/Air       #.......     92%         3    ####...
 Stone Arrow              Conj/Erth      #.....       92%         3    ####...
 Summon Guardian Golem    Hex/Summ       #.......     92%         3    ####...
 Tukima's Dance           Hex            #.......     92%         3    ####...
 Cause Fear               Hex            #.........   100%        4    #####..
 Petrify                  Tmut/Erth      #.......     100%        4    #####..
 Summon Ice Beast         Ice/Summ       #.......     100%        4    #####..
 Summon Lightning Spire   Summ/Air       #.......     100%        4    #####..
 Lee's Rapid Deconstruct  Erth           #.........   100%        5    ######.
 Lightning Bolt           Conj/Air       #.........   100%        5    ######.
 Metabolic Englaciation   Hex/Ice        #.........   100%        5    ######.
 Silence                  Hex/Air        #.........   100%        5    ######.
 Yara's Violent Unravell  Hex/Tmut       #.........   100%        5    ######.
 Deflect Missiles         Chrm/Air       #.........   100%        6    #######
 Haunt                    Necr/Summ      #.........   100%        7    #######
 Borgnjor's Revivificati  Necr           #.........   100%        8    #######
 Death's Door             Chrm/Necr      #.........   100%        8    #######
 Discord                  Hex            #.........   100%        8    #######
 Ignition                 Fire           #.........   100%        8    #######
 Infestation              Necr           #.........   100%        8    #######
 Necromutation            Tmut/Necr      #.........   100%        8    #######
 Shatter                  Erth           #.........   100%        9    #######
 Tornado                  Air            #.........   100%        9    #######


Dungeon Overview and Level Annotations

Branches:
Dungeon (15/15)            Temple (0/1) D:6            Lair (6/6) D:9
  Swamp (0/4) Lair:2        Snake (4/4) Lair:4        Slime (0/5) Lair:5
    Orc (2/2) D:12            Elf (0/3) Orc:2        Vaults (2/5) D:13
 Depths (0/5) D:15
  Crypt: Vaults:2-3

Altars:
Ashenzari
Fedhas
Hepliaklqana
Makhleb
Okawaru
Sif Muna
Vehumet
Xom
Yredelemnul
The Shining One
Beogh
Jiyva

Shops:
D:6 (   D:8 [   Orc:2 [?:%   Snake:2 *

Portals:
Pandemonium: Orc:2


Innate Abilities, Weirdness & Mutations

You have hooves in place of feet.
Armour fits poorly on your strangely shaped body.
You cover ground very quickly.
You have extremely tough skin. (AC +3)
Your flesh is heat resistant. (rF+)
You are somewhat resistant to further mutation.


Message History

The vault warden is almost dead.
The vault warden activates a sealing rune.
You sock the vault warden!
You kill the vault warden!
Lugonu accepts your kill.
The runic seals fade away.
You have reached level 19!
The yaktaur wields a +0 arbalest.
The yaktaur shoots a bolt.
The bolt barely misses you.
The yaktaur shoots a bolt.
The bolt completely misses you.
The vault sentinel blows a loud note on a signal horn!
The yaktaur shoots a bolt.
The bolt hits you but does no damage.
You see here a bolt.
The yaktaur shoots a bolt.
The bolt hits you!
* * * LOW HITPOINT WARNING * * *
The yaktaur shoots a bolt.
The bolt hits you!!
* * * LOW HITPOINT WARNING * * *
You see here 4 bolts.
The yaktaur shoots a bolt.
The bolt hits you!!
You die...

#..#### #...... ## #...... #.
#...... ###+###########..####
#..(.....#.......#
#..#..(..)..#(...(..#
#..#..(.....#c......#
#..#...@(()()cc.....#
+..#...(....#cc..(..#
#..#..(.(.(.#.......#
#..##########.((....#
#...................#
#...................#
##########...................####
.................................
.................................


You could see 5 yaktaurs.

Vanquished Creatures
  Bai Suzhen (Snake:2)
  Saint Roka (Orc:1)
  A sphinx (D:13)
  2 tentacled starspawn (Abyss:1)
  11 nagarajas
  3 vault wardens
  2 ironheart preservers
  2 stone giants
  A war gargoyle (Vaults:1)
  Azrael (Snake:1)
  Snorg (Orc:2)
  The ghost of Descartes the Blocker, a journeyman FoFi of Cheibriados (Lair:3)
  A fire dragon (Lair:6)
  4 yaktaur captains
  26 naga warriors
  2 great orbs of eyes (Vaults:1)
  5 vault guards
  2 hydras
  2 catoblepae
  2 centaur warriors (Vaults:1)
  6 ogre magi
  A death knight (Vaults:1)
  9 anacondas
  2 dancing weapons (D:13)
  A tengu warrior (D:14)
  7 orc high priests (Orc:2)
  21 two-headed ogres
  Urug (Lair:1)
  A soul eater (Orc:2)
  A sun demon (Orc:1)
  13 naga sharpshooters
  7 shock serpents
  A deep elf knight (D:13)
  3 skeletal warriors (D:15)
  6 salamander mystics (Snake:4)
  A shadow wraith (Vaults:2)
  An infernal demonspawn (Orc:2)
  3 wizards
  A flayed ghost (Vaults:2)
  3 starcursed masses
  2 torturous demonspawn (Orc:2)
  5 large abominations
  A swamp dragon (Lair:6)
  6 ironbrand convokers
  2 deep elf magi
  14 ugly things (D:15)
  12 orc knights
  9 mana vipers
  8 orc sorcerers
  4 wolf spiders
  3 slime creatures (Vaults:2)
  3 cyclopes
  6 manticores
  A worldbinder (Abyss:1)
  14 elephants
  5 salamanders
  4 vault sentinels
  19 black mambas
  12 naga magi
  11 guardian serpents
  2 smoke demons (Abyss:1)
  2 gargoyles
  4 spiny frogs
  8 yaktaurs
  4 rime drakes
  9 komodo dragons
  A yaktaur (shapeshifter) (D:14)
  A freezing wraith (Vaults:1)
  A redback zombie (D:15)
  2 tengu conjurers
  A red devil (Orc:2)
  A harpy zombie (D:15)
  10 polar bears
  A merfolk (D:9)
  7 trolls
  A polar bear (shapeshifter) (Vaults:1)
  3 raiju (Lair:6)
  A hornet (D:12)
  4 blink frogs (Lair:3)
  10 hippogriffs
  6 dream sheep (Lair:6)
  A snapping turtle (shapeshifter) (Vaults:1)
  A redback (shapeshifter) (D:13)
  A shadow (D:12)
  A vampire (Abyss:1)
  A ynoxinul (Orc:2)
  5 wyverns
  2 wraiths
  Grum (D:8)
  23 yaks
  4 fire elementals (Snake:1)
  A chaos spawn (Orc:2)
  3 steam dragons
  4 hungry ghosts
  10 vampire mosquitoes
  4 basilisks
  10 wargs
  4 acid dragons
  70 nagas
  A water moccasin (shapeshifter) (Vaults:2)
  11 water moccasins
  17 hell hounds
  An ice beast (shapeshifter) (Vaults:2)
  5 porcupines
  3 ice beasts
  40 orc warriors
  6 sky beasts
  An eye of draining (D:15)
  4 phantoms
  3 swamp drakes (Lair:6)
  13 black bears
  24 ogres
  4 necrophages
  30 wolves
  7 centaurs
  A big kobold (D:8)
  16 bullfrogs
  6 crocodiles
  2 small abominations (Abyss:1)
  A wyvern zombie (Ossuary)
  2 wyvern skeletons
  8 killer bees
  5 scorpions
  2 troll zombies (D:15)
  8 howler monkeys
  An electric eel (Lair:1)
  12 wights
  5 crimson imps
  3 human zombies (D:15)
  5 bullfrog zombies
  4 centaur zombies
  A quasit (Abyss:1)
  5 bullfrog skeletons
  5 jellies
  26 orc priests
  8 hounds
  6 centaur skeletons
  2 iron imps (Abyss:1)
  Jessica (D:2)
  5 iguanas
  24 orc wizards
  9 worker ants
  Natasha (D:2)
  A human skeleton (D:15)
  2 killer bee zombies (Ossuary)
  4 hound zombies
  3 hound skeletons
  17 mummies
  4 howler monkey zombies
  Robin (D:2)
  4 worker ant zombies
  11 adders
  A shadow imp (D:6)
  5 adder zombies
  2 oozes (D:1)
  4 worms
  6 leopard geckos
  120 orcs
  A ball python (D:5)
  8 bats
  2 giant cockroaches
  15 goblins
  11 hobgoblins
  2 jackals (D:4)
  3 quokkas
  6 frilled lizards
  4 jackal zombies
  9 kobolds
  A leopard gecko skeleton (D:4)
  4 leopard gecko zombies (Ossuary)
  An orc zombie (D:15)
  A quokka skeleton (D:4)
  4 quokka zombies
  4 rats
  A bush (D:9)
  3 plants
1135 creatures vanquished.

Vanquished Creatures (others)
  A vault warden (Vaults:2)
  An ettin (Orc:1)
  A naga warrior (Snake:4)
  A naga sharpshooter (Snake:3)
  A tengu warrior (D:15)
  A shock serpent (Snake:2)
  A sixfirhy (Orc:2)
  A fire crab (Lair:5)
  A cyclops (D:12)
  A naga mage (Snake:4)
  A black mamba (Snake:2)
  A smoke demon (Abyss:1)
  A basilisk (Lair:6)
  A naga (Snake:2)
  A howler monkey (D:4)
  An orc wizard (D:4)
  A worker ant (D:4)
  3 adders (D:4)
  An orc (Orc:2)
  A ball python (D:4)
  10 fungi
  23 plants
  8 starspawn tentacles (Abyss:1)
  2 withered plants (Ossuary)
65 creatures vanquished.

Grand Total: 1200 creatures vanquished

Notes
Turn   | Place    | Note
-------+----------+-------------------------------------------
     0 | Abyss:1  | Gargoyl the Centaur Abyssal Knight began the quest for the
                  | Orb.
     0 | Abyss:1  | Reached XP level 1. HP: 19/19 MP: 2/2
    12 | Abyss:2  | Noticed a wretched star
    53 | Abyss:3  | Noticed a starcursed mass
    64 | Abyss:3  | Killed a starcursed mass
    64 | Abyss:3  | Reached skill level 1 in Evocations
    64 | Abyss:3  | Reached XP level 2. HP: 7/30 MP: 2/4
    65 | Abyss:3  | Reached XP level 3. HP: 3/37 MP: 2/5
    65 | Abyss:3  | Reached XP level 4. HP: 4/44 MP: 2/6
    65 | Abyss:3  | Reached XP level 5. HP: 4/50 MP: 2/7
    65 | Abyss:3  | Reached XP level 6. HP: 5/57 MP: 2/8
    65 | D:1      | Escaped the Abyss
   579 | D:1      | Reached XP level 7. HP: 62/63 MP: 9/9
   663 | D:1      | Reached * piety under Lugonu
  1068 | D:2      | Noticed Natasha
  1074 | D:2      | Killed Natasha
  1217 | D:2      | Noticed Jessica
  1219 | D:2      | Killed Jessica
  1219 | D:2      | Reached skill level 1 in Dodging
  1466 | D:2      | Found a blossoming altar of Fedhas.
  1476 | D:2      | Noticed Robin
  1597 | D:2      | Killed Robin
  2059 | D:3      | Reached ** piety under Lugonu
  2328 | D:3      | Found a faded altar of an unknown god.
  2590 | D:3      | Reached skill level 1 in Staves
  3684 | D:4      | Reached XP level 8. HP: 44/71 MP: 10/10
  4007 | D:4      | Found a shimmering altar of Xom.
  4200 | D:5      | Entered Level 5 of the Dungeon
  4542 | D:5      | Found a hazy altar of Hepliaklqana.
  4544 | D:5      | Found a radiant altar of Vehumet.
  4546 | D:5      | Found a shattered altar of Ashenzari.
  4584 | D:5      | Found a deep blue altar of Sif Muna.
  5196 | D:6      | Found a sand-covered staircase.
  5205 | D:6      | Found Koakoyhe's Weapon Shop.
  5218 | Ossuary  | Entered an ossuary
  5360 | Ossuary  | Reached *** piety under Lugonu
  5973 | D:6      | Reached XP level 9. HP: 64/78 MP: 8/12
  6116 | D:6      | Reached **** piety under Lugonu
  6139 | D:6      | Found a staircase to the Ecumenical Temple.
  6328 | D:6      | Found a burning altar of Makhleb.
  6509 | D:6      | Reached skill level 5 in Invocations
  6559 | D:6      | Reached skill level 5 in Staves
  7463 | D:8      | Reached ***** piety under Lugonu
  7743 | D:8      | Found Zeled's Armour Boutique.
  7749 | D:8      | Reached skill level 5 in Armour
  7749 | D:8      | Reached XP level 10. HP: 78/86 MP: 14/14
  7774 | D:8      | Bought a +0 cloak for 63 gold pieces
  7817 | D:8      | Noticed Grum
  7830 | D:8      | Killed Grum
  8416 | D:9      | Found a staircase to the Lair.
  9294 | D:9      | Found a blossoming altar of Fedhas.
  9933 | D:10     | Entered Level 10 of the Dungeon
  9995 | Lair:1   | Entered Level 1 of the Lair of Beasts
 10466 | Lair:1   | Noticed Urug
 10656 | Lair:1   | Killed Urug
 10656 | Lair:1   | Reached XP level 11. HP: 16/93 MP: 16/16
 11778 | Lair:1   | Gained mutation: Your mind is acute. (Int +2) [potion of
                  | mutation]
 11778 | Lair:1   | Gained mutation: Scrolls take you a little longer to read.
                  | [potion of mutation]
 11778 | Lair:1   | Gained mutation: You have a pair of small horns on your
                  | head. [potion of mutation]
 11950 | Lair:2   | Found an iron altar of Okawaru.
 12141 | Lair:2   | Reached skill level 5 in Dodging
 12386 | Lair:2   | Found a staircase to the Swamp.
 13003 | Lair:3   | Found a large runed translucent door.
 13004 | Lair:3   | Found a large runed translucent door.
 13007 | Lair:3   | Noticed Descartes's ghost (journeyman FoFi)
 13371 | Lair:3   | Reached ****** piety under Lugonu
 14206 | Lair:3   | Killed Descartes's ghost
 14206 | Lair:3   | Reached XP level 12. HP: 61/103 MP: 18/18
 14587 | Lair:4   | Noticed a seven-headed hydra
 14589 | Lair:4   | Killed a seven-headed hydra
 14607 | Lair:4   | Found a shimmering altar of Xom.
 14683 | Lair:4   | Found a staircase to the Snake Pit.
 15608 | Lair:5   | Reached skill level 10 in Staves
 16047 | Lair:5   | You fall through a shaft!
 16047 | Lair:6   | Entered Level 6 of the Lair of Beasts
 16216 | Lair:6   | Got a warped whip
 16219 | Lair:6   | Identified the +8 whip of Fiyqeadu {drain, +Inv rC+} (You
                  | found it on level 6 of the Lair of Beasts)
 17064 | Lair:5   | Found a staircase to the Slime Pits.
 17099 | Lair:5   | Found a viscous altar of Jiyva.
 17900 | Lair:5   | Got a slimy battleaxe
 17905 | Lair:5   | Identified the cursed +1 battleaxe of Bodily Harmony
                  | {flame, Int+3 Dex+3} (You found it on level 5 of the Lair
                  | of Beasts)
 18208 | Lair:6   | Reached XP level 13. HP: 61/113 MP: 20/20
 18830 | Lair:6   | Noticed a fire dragon
 18859 | Lair:6   | Killed a fire dragon
 19137 | Lair:6   | Reached skill level 10 in Fighting
 19364 | Lair:6   | Reached skill level 10 in Invocations
 19529 | Abyss:1  | Noticed a starcursed mass
 19531 | Lair:6   | Escaped the Abyss
 23325 | D:11     | Got a steaming silver ring
 24104 | D:12     | Paralysed by a hornet for 2 turns
 24113 | D:12     | Found a staircase to the Orcish Mines.
 24118 | D:12     | Found a flagged portal.
 24127 | Bailey   | Entered a bailey
 24900 | Bailey   | Reached XP level 14. HP: 84/122 MP: 22/22
 26084 | D:13     | Identified the ring "Vuah" {rCorr rPois Int+7 Stlth+} (You
                  | found it on level 11 of the Dungeon)
 26097 | D:13     | Reached skill level 1 in Throwing
 26098 | D:13     | Reached XP level 15. HP: 128/128 MP: 23/23
 26190 | D:13     | Got a transparent ring mail
 26208 | D:13     | Identified the +6 ring mail of the Hot Ocelot {rF+ Str+3}
                  | (You found it on level 13 of the Dungeon)
 26402 | D:13     | Found a shattered altar of Ashenzari.
 26776 | D:13     | Found a gate to the Vaults.
 27843 | D:14     | Found a glowing golden altar of the Shining One.
 27981 | D:15     | Entered Level 15 of the Dungeon
 28386 | D:15     | Escaped the Abyss
 28960 | D:15     | Reached skill level 10 in Armour
 29449 | D:15     | Found a basalt altar of Yredelemnul.
 30514 | D:15     | Found a staircase to the Depths.
 30580 | Abyss:1  | Noticed a tentacled starspawn
 30580 | Abyss:1  | HP: 2/130 [disintegration (15)]
 30639 | Abyss:1  | Found a stormy altar of Qazlal.
 31095 | D:15     | Escaped the Abyss
 31560 | D:14     | Reached skill level 1 in Shields
 31934 | D:15     | Reached XP level 16. HP: 132/139 MP: 25/25
 32207 | Orc:1    | Entered Level 1 of the Orcish Mines
 33323 | Orc:1    | Found a roughly hewn altar of Beogh.
 33974 | Orc:2    | Entered Level 2 of the Orcish Mines
 34204 | Orc:2    | Noticed Saint Roka
 34311 | Orc:1    | Killed Saint Roka
 34338 | Orc:2    | Paralysed by an orc sorcerer for 4 turns
 34945 | Orc:2    | Found Zicok's Magic Scroll Boutique.
 34947 | Orc:2    | Found Owownirap's Food Shop.
 37019 | Orc:2    | Found a staircase to the Elven Halls.
 37036 | Orc:2    | Noticed Snorg
 37051 | Orc:2    | Killed Snorg
 37222 | Orc:2    | Found Joinger's Antique Armour Shoppe.
 37222 | Orc:2    | Found Ciosuoz's Book Emporium.
 37222 | Orc:2    | Found a one-way gate leading to the halls of Pandemonium.
 37241 | Orc:2    | Bought a pair of glowing gloves for 217 gold pieces
 38369 | Snake:1  | Entered Level 1 of the Snake Pit
 39202 | Snake:1  | You fall through a shaft!
 40689 | Snake:1  | Got a slimy scale mail
 40692 | Snake:1  | Identified the +1 scale mail "Luso" {Str+4 SInv Stlth+}
                  | (You found it on level 1 of the Snake Pit)
 40819 | Snake:1  | Noticed Azrael
 40834 | Snake:1  | Killed Azrael
 41224 | Snake:1  | Lost mutation: Scrolls take you a little longer to read.
                  | [potion of mutation]
 41224 | Snake:1  | Lost mutation: You have a pair of small horns on your head.
                  | [potion of mutation]
 41224 | Snake:1  | Lost mutation: Your mind is acute. (Int +2) [potion of
                  | mutation]
 41224 | Snake:1  | Gained mutation: Your flesh is heat resistant. (rF+)
                  | [potion of mutation]
 41224 | Snake:1  | Gained mutation: You are somewhat resistant to further
                  | mutation. [potion of mutation]
 42295 | Snake:2  | Found Tatt's Assorted Antiques.
 42416 | Snake:3  | Reached XP level 17. HP: 124/149 MP: 26/26
 43946 | Snake:3  | Escaped the Abyss
 44828 | Snake:3  | Noticed Bai Suzhen
 44873 | Snake:2  | Killed Bai Suzhen
 46646 | Snake:4  | Entered Level 4 of the Snake Pit
 51129 | Snake:4  | Reached skill level 10 in Dodging
 53465 | Snake:4  | Reached XP level 18. HP: 77/159 MP: 28/28
 54283 | Snake:4  | Reached skill level 15 in Invocations
 55354 | Snake:4  | Got a serpentine rune of Zot
 55728 | Vaults:1 | Entered Level 1 of the Vaults
 58732 | Vaults:2 | Reached skill level 15 in Staves
 60015 | Vaults:2 | Reached XP level 19. HP: 40/169 MP: 30/30
 60019 | Vaults:2 | Shot with a bolt by a yaktaur

Skill      XL: |  1  2  3  4  5  6  7  8  9 10 11 12 13 14 15 16 17 18 |
---------------+-------------------------------------------------------+-----
Fighting       | 6 7 8 9 10 11 13 14 | 14.8
Axes           | 2 3 4 |  4.3
Armour         | 2 3 5 6 7 8 9 10 11 12 | 12.6
Invocations    | 3 4 6 7 8 9 10 11 12 13 14 15 | 15.8
Evocations     | 1 2 |  2.6
Dodging        | 1 3 4 5 6 7 8 9 10 | 10.6
Staves         | 2 4 6 8 9 10 12 13 14 15 | 15.2
Throwing       | 1 |  1.9
Shields        | 1 2 3 |  3.1

Action                   |  1- 3 |  4- 6 |  7- 9 | 10-12 | 13-15 | 16-18 | 19-21 || total
-------------------------+-------+-------+-------+-------+-------+-------+-------++-------
Melee: Hand axe          |       |     9 |   134 |       |       |    78 |       ||   221
       Quarterstaff      |       |       |   460 |   718 |  1274 |  2310 |       ||  4762
       Kick              |       |       |   144 |   256 |   458 |   935 |       ||  1793
       Headbutt          |       |       |       |   109 |   290 |   166 |       ||   565
Throw: Tomahawk          |       |       |     4 |     2 |       |     6 |       ||    12
Invok: Depart the Abyss  |       |     1 |       |       |     3 |     1 |       ||     5
       Bend Space        |       |       |     1 |       |     1 |     7 |       ||     9
       Banish            |       |       |       |     1 |     3 |    23 |       ||    27
       Enter the Abyss   |       |       |       |       |     3 |     1 |       ||     4
Evoke: Wand              |     9 |       |       |     7 |    13 |       |       ||    29
  Use: Scroll            |       |       |    27 |    14 |    23 |    14 |       ||    78
       Potion            |       |       |     2 |     6 |    11 |    21 |       ||    40
 Stab: Confused          |       |       |       |       |     1 |       |       ||     1
       Petrified         |       |       |       |       |    11 |       |       ||    11
  Eat: Chunk             |       |       |    13 |    20 |    26 |    23 |       ||    82
       Ration            |       |       |     2 |     3 |     5 |    20 |       ||    30
Armor: Leather armour    |       |     8 |    63 |       |       |       |       ||    71
       Chain mail        |       |       |   205 |       |       |       |       ||   205
       Plate armour      |       |       |     1 |   110 |       |       |       ||   111
       Scale mail        |       |       |       |   176 |   356 |   646 |     1 ||  1179
       Ring mail         |       |       |       |       |   149 |   156 |       ||   305
Dodge: Dodged            |     2 |     6 |   191 |   224 |   535 |   936 |     2 ||  1896
Block: Other             |       |       |     7 |    36 |    56 |    70 |       ||   169
       Reflection        |       |       |     1 |       |       |    23 |       ||    24
       Large shield      |       |       |       |       |       |    94 |       ||    94
